 Seeded DCSS version 0.29-a0-892-g2c4c91d9db (webtiles) character file.

Game seed: 2984588480619329998 (custom seed)

4518 mathmaestro the Scholar of Death (level 10, -13/84 HPs)
             Began as a Demonspawn Necromancer on July 22, 2022.
             Was a Follower of Kikubaaqudgha.
             Mangled by a two-headed ogre
             ... wielding a +0 dire flail of holy wrath
              (14 damage)
             ... on level 9 of the Dungeon.
             The game lasted 00:27:13 (9659 turns).

mathmaestro the Scholar of Death (DsNe)             Turns: 9659, Time: 00:27:15

Health: -13/84     AC: 13    Str: 12    XL:     10   Next: 17%
Magic:  24/38      EV: 12    Int: 21    God:    Kikubaaqudgha [*.....]
Gold:   468        SH:  0    Dex: 16    Spells: 6/22 levels left

rFire   . . .      SeeInvis .   u - +5 trident
rCold   . . .      Faith    .   (no shield)
rNeg    . . .      Spirit   .   B - +2 steam dragon scales
rPois   .          Reflect  .   o - +0 helmet
rElec   .          Harm     .   g - +0 cloak
rCorr   .          Rampage  .   (no gloves)
Will    .....                   (no boots)
Stlth   ++........              (no amulet)
HPRegen 0.24/turn               x - ring of magical power
MPRegen 0.26/turn               p - ring "Diggut" {MP+9 Str+3 Dex+3}

@: no status effects
A: rugged brown scales 3, demonic touch 1
a: Renounce Religion, Unearth Wretches


You were on level 9 of the Dungeon.
You worshipped Kikubaaqudgha.
Kikubaaqudgha was aware of your devotion.
You visited 2 branches of the dungeon, and saw 10 of its levels.
You also visited: Sewer.

You collected 494 gold pieces.
You spent 26 gold pieces at shops.

Inventory:

Hand Weapons
 u - a +5 trident (weapon)
 A - a +4 dagger of freezing
Missiles
 i - 4 javelins
 n - a throwing net
 v - 5 boomerangs (quivered)
Armour
 g - a +0 cloak (worn)
 o - a +0 helmet (worn)
 B - +2 steam dragon scales (worn)
Jewellery
 j - a +6 ring of intelligence
 p - the ring "Diggut" (right hand) {MP+9 Str+3 Dex+3}
   (You found it on level 4 of the Dungeon)

   [ring of magical power]

   Str:       It affects your strength (+3).
   Dex:       It affects your dexterity (+3).
   MP:        It affects your magic capacity (+9).
 x - a ring of magical power (left hand)
Wands
 c - a wand of mindburst (15)
 y - a wand of roots (9)
 C - a wand of paralysis (4)
Scrolls
 a - 4 scrolls of teleportation
 d - a scroll of fear
 f - 2 scrolls of summoning
 l - 4 scrolls of poison
 q - a scroll of butterflies
 t - 6 scrolls of magic mapping
Potions
 b - 3 potions of magic
 e - 3 potions of might
 h - 5 potions of curing
 k - a potion of brilliance
 r - 3 potions of mutation {unknown}
 s - 3 potions of haste
 w - 2 potions of ambrosia {unknown}
 z - a potion of resistance {unknown}


   Skills:
 + Level 7.0 Fighting
 - Level 5.0 Armour
 - Level 2.0 Dodging
 - Level 2.0 Stealth
 + Level 6.8 Spellcasting
 + Level 2.7 Hexes
 + Level 8.9 Necromancy
 + Level 4.7 Translocations


You had 6 spell levels left.
You knew the following spells:

 Your Spells              Type           Power      Damage    Failure   Level
a - Necrotise             Necr           100%       1d9       1%          1
b - Vampiric Draining     Necr           44%        2d9       1%          3
c - Animate Dead          Necr           44%        N/A       2%          4
d - Blink                 Tloc           52%        N/A       1%          2
e - Sublimation of Blood  Necr           44%        N/A       1%          2
f - Anguish               Hex/Necr       15%        N/A       9%          4

Your spell library contained the following spells:

 Spells                   Type           Power      Damage    Failure   Level
 Lesser Beckoning         Tloc           26%        N/A       3%          3
 Agony                    Necr           44%        N/A       6%          5
 Freeze                   Ice            28%        1d5       9%          1
 Sandblast                Erth           14%        2d6       9%          1
 Passwall                 Tmut/Erth      5%         N/A       14%         2
 Frozen Ramparts          Ice            14%        1d3       26%         3
 Ignite Poison            Fire/Tmut/Pois 7%         N/A       26%         3
 Mephitic Cloud           Conj/Pois/Air  7%         N/A       26%         3
 Stone Arrow              Conj/Erth      14%        3d7       26%         3
 Manifold Assault         Tloc           26%        N/A       34%         5
 Hailstorm                Conj/Ice       7%         3d4       65%         4
 Freezing Cloud           Conj/Ice/Air   3%         6-21      94%         5
 Chain Lightning          Conj/Air       3%         3d4       100%        9
 Fire Storm               Conj/Fire      3%         8d1       100%        9
 Shatter                  Erth           3%         3d7*      100%        9


Dungeon Overview and Level Annotations

Branches:
Dungeon (9/15)             Temple (1/1) D:5           Sewer (visited)
   Lair: D:8-11         Orc: D:9-12

Altars:
Cheibriados
Dithmenos
Fedhas
Gozag
Hepliaklqana
Kikubaaqudgha
Makhleb
Nemelex Xobeh
Okawaru
Qazlal
Sif Muna
Trog
Uskayaw
Vehumet
Wu Jian
Xom
Yredelemnul

Shops:
D:1 ?   D:8 (

Annotations:
D:6 3 runed translucent doors, nicolae's ghost, novice DsTm
D:9 Grum


Innate Abilities, Weirdness & Mutations

You are completely covered in rugged brown scales. (AC +3, +7% HP)
Your touch may inflict minor irresistible damage on your foes.


Message History

Confirm with . or Enter, or press ? or * to list all spells.
Aiming: Vampiric Draining (safe; 1% risk of failure)
Press: ? - help, Shift-Dir - straight line, f/p - two-headed ogre
Aim: a two-headed ogre, wielding a +0 dire flail of holy wrath and a +0 giant club (moderately wounded)
You draw life force from the two-headed ogre.
You feel life coursing into your body. The two-headed ogre barely misses you.
The two-headed ogre hits you with a +0 giant club!
Casting: Vampiric Draining (safe; 1% risk of failure)
Confirm with . or Enter, or press ? or * to list all spells.
Aiming: Vampiric Draining (safe; 1% risk of failure)
Press: ? - help, Shift-Dir - straight line, f/p - two-headed ogre
Aim: a two-headed ogre, wielding a +0 dire flail of holy wrath and a +0 giant club (heavily wounded)
You draw life force from the two-headed ogre.
You feel life coursing into your body.
Unknown command.
Casting: Vampiric Draining (safe; 1% risk of failure)
Confirm with . or Enter, or press ? or * to list all spells.
Aiming: Vampiric Draining (safe; 1% risk of failure)
Press: ? - help, Shift-Dir - straight line, f/p - two-headed ogre
Aim: a two-headed ogre, wielding a +0 dire flail of holy wrath and a +0 giant club (heavily wounded)
You draw life force from the two-headed ogre!
You feel life coursing into your body.
The two-headed ogre hits you with a +0 dire flail of holy wrath!
You convulse.
The two-headed ogre hits you with a +0 giant club.
* * * LOW HITPOINT WARNING * * *
Casting: Vampiric Draining (safe; 1% risk of failure)
Confirm with . or Enter, or press ? or * to list all spells.
Aiming: Vampiric Draining (safe; 1% risk of failure)
Press: ? - help, Shift-Dir - straight line, f/p - two-headed ogre
Aim: a two-headed ogre, wielding a +0 dire flail of holy wrath and a +0 giant club (severely wounded)
You draw life force from the two-headed ogre!
You feel life coursing into your body.
The two-headed ogre hits you with a +0 dire flail of holy wrath!
* * * LOW HITPOINT WARNING * * *
You convulse!
* * * LOW HITPOINT WARNING * * *
The two-headed ogre hits you with a +0 giant club!
You die...
Kikubaaqudgha rasps: "You have failed me!
Welcome... death!"

############ #.#....
#.........[# #.#....
#..........# #.#....
#..........###.#....
#..........##..#....
#..........#..##....
..######........>.#.###....
...........O......#.# #....
..######..@.........# #.<.)
#..........### #....
#####.###### #.gg. #.#
##'## . # #.O. # ###g
#..>.gg #.....h #....(.


You could see a two-headed ogre.

Vanquished Creatures
  Maggie (D:6)
  Sigmund (D:6)
  A wyvern (D:7)
  Eustachio (D:5)
  Menkaure (D:6)
  Duvessa (D:5)
  3 water moccasins
  An orc warrior (D:8)
  2 sky beasts (D:7)
  A black bear (D:7)
  An ice beast (D:5)
  Pargi (Sewer)
  5 ogres
  2 wolves (D:9)
  2 centaurs
  A phantom (D:5)
  A gnoll sergeant (D:7)
  A scorpion (D:3)
  4 bullfrogs
  3 necrophages
  4 wights
  2 killer bees (D:9)
  A jelly (D:5)
  3 hounds
  3 orc priests (D:8)
  A gnoll bouda (D:8)
  3 iguanas
  6 orc wizards
  10 adders
  18 gnolls
  A white imp (D:8)
  2 ufetubi
  A dart slug (D:1)
  14 orcs
  16 endoplasms
  9 giant cockroaches
  3 goblins
  4 hobgoblins
  3 jackals (D:1)
  3 quokkas
  10 ball pythons
  5 bats
  5 frilled lizards
  3 kobolds
  10 rats
174 creatures vanquished.

Vanquished Creatures (collateral kills)
  A wolf (D:9)
  Dowan (D:5)
  A jelly (D:5)
  A gnoll (D:7)
  A dart slug (D:4)
  An endoplasm (D:1)
  A jackal (D:1)
  A frilled lizard (Sewer)
  A rat (D:1)
9 creatures vanquished.

Vanquished Creatures (others)
  A wyvern zombie (D:7)
  3 wolf zombies (D:9)
  An elf zombie (D:5)
  2 orc zombies (D:8)
  An adder zombie (D:5)
  5 gnoll zombies (D:7)
  2 plants
15 creatures vanquished.

Grand Total: 198 creatures vanquished

Notes
Turn   | Place    | Note
-------+----------+-------------------------------------------
     0 | D:1      | mathmaestro the Demonspawn Necromancer began the quest for
                  | the Orb.
     0 | D:1      | Reached XP level 1. HP: 13/13 MP: 3/3
     1 | D:1      | Found a runed translucent door.
   273 | D:1      | Found Xemeiz's Magic Scroll Shoppe.
   281 | D:1      | Bought a scroll of identify for 26 gold pieces
   444 | D:1      | Gained mutation: You are partially covered in rugged brown
                  | scales. (AC +1, +3% HP) [demonic ancestry]
   444 | D:1      | Reached XP level 2. HP: 14/20 MP: 3/5
   970 | D:1      | Reached skill level 1 in Fighting
  1037 | D:1      | Reached XP level 3. HP: 26/26 MP: 2/6
  1041 | D:1      | Learned a level 3 spell: Vampiric Draining
  1642 | D:2      | Reached skill level 1 in Armour
  1881 | D:3      | Gained mutation: Your touch may inflict minor irresistible
                  | damage on your foes. [demonic ancestry]
  1881 | D:3      | Reached XP level 4. HP: 26/32 MP: 2/8
  2062 | D:3      | Found a radiant altar of Vehumet.
  2433 | D:3      | Reached skill level 5 in Necromancy
  2481 | D:3      | Learned a level 4 spell: Animate Dead
  2813 | D:4      | Noticed a scorpion
  2826 | D:3      | Killed a scorpion
  2827 | D:3      | Reached XP level 5. HP: 36/39 MP: 2/9
  2955 | D:4      | Identified the ring "Diggut" {MP+9 Str+3 Dex+3}
  2981 | D:4      | Found a glowing drain.
  2985 | Sewer    | Entered a sewer
  3094 | Sewer    | Reached XP level 6. HP: 47/47 MP: 11/11
  3148 | Sewer    | Noticed Pargi
  3160 | Sewer    | Killed Pargi
  3725 | D:5      | Entered Level 5 of the Dungeon
  3739 | D:5      | Noticed Eustachio
  3745 | D:5      | Noticed a water moccasin
  3748 | D:5      | Reached skill level 6 in Necromancy
  3748 | D:5      | Reached XP level 7. HP: 44/53 MP: 13/13
  3947 | D:5      | Found a blossoming altar of Fedhas.
  3950 | D:5      | Noticed Dowan
  3951 | D:5      | Noticed Duvessa
  3963 | D:5      | Killed Duvessa
  3979 | D:5      | Your ally Duvessa died
  3991 | D:5      | Killed Dowan
  4245 | D:5      | Found a large runed translucent door.
  4346 | D:5      | Found a staircase to the Ecumenical Temple.
  4365 | Temple   | Entered the Ecumenical Temple
  4628 | Temple   | Became a worshipper of Kikubaaqudgha
  4653 | D:5      | Learned a level 2 spell: Blink
  4876 | D:5      | Killed Eustachio
  4877 | D:5      | Gained mutation: You are mostly covered in rugged brown
                  | scales. (AC +2, +5% HP) [demonic ancestry]
  4877 | D:5      | Reached XP level 8. HP: 54/64 MP: 15/15
  5132 | D:5      | Reached skill level 1 in Translocations
  5138 | D:5      | Reached skill level 7 in Necromancy
  5258 | D:5      | Reached skill level 5 in Spellcasting
  5432 | D:5      | Reached skill level 5 in Fighting
  5662 | D:5      | Found a large runed translucent door.
  5692 | D:5      | Found a hide-covered altar of Uskayaw.
  5712 | D:5      | Found an ornate altar of the Wu Jian Council.
  5765 | D:6      | Noticed Sigmund
  5777 | D:6      | Killed Sigmund
  5929 | D:6      | Found a runed translucent gate.
  5930 | D:6      | Found a runed translucent gate.
  5931 | D:6      | Found a runed translucent gate.
  5933 | D:6      | Noticed nicolae's ghost (novice DsTm)
  6082 | D:6      | Noticed Maggie
  6097 | D:6      | Killed Maggie
  6098 | D:6      | Reached skill level 5 in Armour
  6098 | D:6      | Reached XP level 9. HP: 51/72 MP: 7/17
  6538 | D:6      | Noticed Menkaure
  6545 | D:6      | Killed Menkaure
  6875 | D:7      | Reached skill level 8 in Necromancy
  7025 | D:6      | Reached * piety under Kikubaaqudgha
  7025 | D:6      | Received a gift from Kikubaaqudgha
  7140 | D:6      | Learned a level 2 spell: Sublimation of Blood
  7145 | D:6      | Learned a level 4 spell: Anguish
  7240 | D:7      | Paralysed by a gnoll sergeant for 3 turns
  7244 | D:7      | Reached skill level 1 in Hexes
  7991 | D:8      | Found a shimmering altar of Xom.
  8118 | D:8      | Found a shimmering blue altar of Sif Muna.
  8184 | D:8      | Gained mutation: You are completely covered in rugged brown
                  | scales. (AC +3, +7% HP) [demonic ancestry]
  8184 | D:8      | Reached XP level 10. HP: 65/82 MP: 19/19
  8812 | D:8      | Found Guhiq's Hydra Hut.
  8817 | D:8      | Noticed a five-headed hydra
  9284 | D:9      | Noticed Grum
  9301 | D:9      | Noticed a two-headed ogre
  9659 | D:9      | HP: 1/84 [two-headed ogre/+0 dire flail of holy wrath (14)]
  9659 | D:9      | Mangled by a two-headed ogre

Illustrated notes

Levels and vault maps discovered:
D:1:      dpeg_arrival_caged_fury, layout_loops_ring, serial_shops,
          nicolae_shop_temple_entry_statues_fountains, nrook_loot_triangle
D:2:      layout_rooms, minmay_tall_x
D:3:      layout_loops_ring, mainiacjoe_overflow_boulevard
D:4:      layout_cave_pools, gup_sewer_entry_spiral
D:5:      layout_basic, fedhas_altar_1, jmf_multi_god_temple2,
          minmay_temple_entry_grid, abandoned_shop, columned_hall_lemuel,
          kennysheep_minor_cross, hangedman_decor_points, kennysheep_dice,
          uniq_duvessa, uniq_eustachio
D:6:      layout_basic, ebering_ghost_rock_garden, mrwooster_statue_mirror,
          uniq_menkaure, uniq_maggie, uniq_sigmund
D:7:      layout_basic, serial_park_tiny_1, skrybe_limestone_x
D:8:      layout_loops_corners, lemuel_round_altar, lemuel_crystal_altar,
          mainiacjoe_overflow_catch_the_wave, ebering_dispersal_statue_hall,
          doesnt_shop_hydraphobe
D:9:      layout_roguey, mainiacjoe_overflow_six_doors_small, serial_shops,
          nicolae_shop_advertising_works [nicolae_subvault_shop_adworks],
          uniq_erica, uniq_grum, uniq_joseph
Temple:   hellmonk_temple_flake

Skill      XL: |  1  2  3  4  5  6  7  8  9 10 |
---------------+-------------------------------+-----
Stealth        | 2 |  2.0
Dodging        | 2 |  2.0
Fighting       | 1 2 3 4 5 6 7 |  7.0
Armour         | 1 2 3 4 5 |  5.0
Necromancy     | 5 6 7 8 |  8.9
Spellcasting   | 3 4 5 6 |  6.8
Translocations | 2 4 |  4.7
Hexes          | 2 |  2.7

Action                   |  1- 3 |  4- 6 |  7- 9 | 10-12 || total
-------------------------+-------+-------+-------+-------++-------
Melee: Whip              |    28 |    90 |   119 |       ||   237
       Touch             |       |    15 |    41 |     7 ||    63
       Punch             |       |     1 |     3 |       ||     4
       Trident           |       |       |    58 |    46 ||   104
       Morningstar       |       |       |    21 |       ||    21
Throw: Javelin           |       |       |     4 |       ||     4
       Throwing net      |       |       |     1 |       ||     1
 Cast: Necrotise         |    63 |    51 |    78 |     5 ||   197
       Vampiric Draining |       |     8 |    35 |    17 ||    60
       Animate Dead      |       |       |     2 |     2 ||     4
Evoke: Wand              |       |       |     2 |     4 ||     6
  Use: Scroll            |     4 |     3 |     4 |       ||    11
 Stab: Sleeping          |       |     3 |     3 |       ||     6
Armor: Leather armour    |    16 |    57 |    24 |       ||    97
       Robe              |       |       |     8 |       ||     8
       Steam dragon scal |       |       |    90 |    46 ||   136
Dodge: Dodged            |    19 |    66 |   210 |    32 ||   327

Table legend: (Time is in decaauts)
 A = Elapsed time spent in this place.
 B = Non-inter-level travel time spent in this place.
 C = Inter-level travel time spent in this place.
 D = Time resting spent in this place.
 E = Time spent auto-exploring this place.
 F = Levels seen in this place.
 G = Mean time per level.
                   A        B        C        D        E       F      G
               +--------+--------+--------+--------+--------+-----+--------+
         Total |   9794 |   9470 |    324 |   1402 |   6206 |  11 |  890.4 |
       Dungeon |   9151 |   8852 |    299 |   1314 |   5764 |   9 | 1016.8 |
        Temple |    272 |    247 |     25 |      0 |    233 |   1 |  272.0 |
         Sewer |    370 |    370 |      0 |     88 |    209 |   1 |  370.0 |
               +--------+--------+--------+--------+--------+-----+--------+

Top non-repeatable levels by time:
     D:8: 1679 daAuts
     D:5: 1614 daAuts
     D:6: 1247 daAuts
     D:1: 1080 daAuts
     D:7: 945 daAuts
     D:3: 917 daAuts
     D:4: 819 daAuts
     D:2: 752 daAuts
   Sewer: 370 daAuts
  Temple: 272 daAuts
     D:9: 95 daAuts
